AoeStats
← [PSCH] R!ce

Arabia

508881567Analyzed
1v1 RM · 7d ago on Sep 24, 2026· 54m 52s· 2 players
Game mode
Random Map
Map size
Tiny (2 player)
Population
200
Speed
Normal
Resources
Standard
Victory
Conquest
Starting age
Dark Age
Ending age
Imperial Age
RankedLock teamsTeams togetherTeam positionsShared explorationLock speedFull tech treeHidden civsTurbo modeCheats
Victory
Defeat
🇨🇭 Varangians · Switzerland
1496
+17
🇧🇬 Britons · Bulgaria
1526
-17
[PSCH] R!ce
6:38 Loom
8:55 Feudal Age
11:11 Double-Bit Axe
15:50 Bloodlines
19:05 Scale Barding Armor
23:12 Castle Age
21:35 Fletching
23:46 Forging
25:10 Elite Skirmisher
26:22 Bow Saw
27:37 Chain Barding Armor
28:40 Padded Archer Armor
36:12 Leather Archer Armor
35:57 Bodkin Arrow
40:11 Ballistics
40:52 Iron Casting
43:45 Imperial Age
42:10 Wheelbarrow
43:56 Cavalier
44:33 Vendel Legacy
47:07 Plate Barding Armor
47:04 Ring Archer Armor
49:28 Bracer
51:15 Blast Furnace
52:05 Elite Jarl
53:25 Town Watch
noobyonee
4:59 Loom
10:14 Feudal Age
10:30 Man-at-Arms
11:32 Double-Bit Axe
14:23 Fletching
15:24 Arson
18:04 Forging
20:10 Scale Mail Armor
22:58 Castle Age
21:43 Horse Collar
23:21 Padded Archer Armor
23:58 Bodkin Arrow
26:02 Bow Saw
27:19 Scale Barding Armor
28:24 Husbandry
33:05 Heavy Plow
34:53 Ballistics
40:17 Imperial Age
38:11 Long Swordsman
38:37 Gambesons
39:18 Squires
39:50 Pikeman
40:20 Two-Handed Swordsman
41:18 Bracer
41:16 Halberdier
45:52 Chain Mail Armor
46:12 Iron Casting
47:21 Wheelbarrow
47:35 Champion
48:54 Iron Casting
49:39 Plate Mail Armor
50:36 Warwolf
52:39 Blast Furnace
Connection lost

Rejoining the realm…

Still unreachable

The connection could not be restored.

Session expired

The server has moved on; the page needs a fresh start.